 Dungeon Crawl Stone Soup version 0.29-a0-1052-g6990b1bffc (webtiles) character file.

Game seed: 16060144439515819352

58 Sweeb the Chopper (level 4, -2/31 HPs)
             Began as an Octopode Monk on Aug 17, 2022.
             Slain by Terence
             ... wielding a +1 hand axe of flaming
              (7 damage)
             ... on level 2 of the Dungeon.
             The game lasted 00:02:18 (2088 turns).

Sweeb the Chopper (Octopode Monk)                   Turns: 2088, Time: 00:02:19

Health: -2/31      AC:  1    Str: 10    XL:     4   Next: 1%
Magic:  4/4        EV: 14    Int: 12    God:
Gold:   147        SH:  0    Dex: 16    Spells: 3/3 levels left

rFire   . . .      SeeInvis .   a - +0 hand axe
rCold   . . .      Faith    .   (no shield)
rNeg    . . .      Spirit   .   (helmet restricted)
rPois   .          Reflect  .   e - amulet of the acrobat
rElec   .          Harm     .   (no ring)
rCorr   .          Rampage  .   (no ring)
Will    .....                   (no ring)
Stlth   ++++......              (no ring)
HPRegen 0.00/turn               (no ring)
MPRegen 0.09/turn               (no ring)
                                (no ring)
                                (no ring)

@: inhibited regen, unable to read
A: almost no armour, amphibious, 8 rings, camouflage 1, gelatinous body 1,
(nimble swimmer 1), tentacles, inhibited regeneration, inability to read after
injury 1
a: no special abilities


You were on level 2 of the Dungeon.
You visited 1 branch of the dungeon, and saw 2 of its levels.

You collected 147 gold pieces.

Inventory:

Hand Weapons
 a - a +0 hand axe (weapon)
 d - a +2 dagger of venom
Jewellery
 e - an amulet of the acrobat (around mantle)
Scrolls
 f - a scroll of torment {unknown}
 h - a scroll of blinking
 i - a scroll of enchant armour
Potions
 b - a potion of ambrosia
 c - 2 potions of curing


   Skills:
 + Level 3.3 Fighting
 * Level 3.8 Axes
 + Level 3.3 Dodging
 + Level 3.6 Stealth


You had 3 spell levels left.
You didn't know any spells.
Your spell library was empty.

Dungeon Overview and Level Annotations

Branches:
Dungeon (2/15)

Altars:

Annotations:
D:2 Terence


Innate Abilities, Weirdness & Mutations

You cannot wear most types of armour.
You are amphibious.
You can wear up to eight rings at the same time.
Your skin changes colour to match your surroundings (Stealth+).
Your rubbery body absorbs attacks. (AC +1, EV +1)
((You are camouflaged when in or above water. (Stealth+)))
You have tentacles for arms and can constrict up to eight enemies at once.
You do not regenerate when monsters are visible.
You occasionally lose the ability to read scrolls when taking damage.


Message History

Your regeneration stops near monsters.
You occasionally lose the ability to read scrolls when taking damage.
The adder hisses angrily.
Terence shouts!
You see here a bat corpse.
The adder misses you.
You miss the adder. Your grab misses the adder. Your squeeze misses the adder.
The adder bites you.
You miss the adder. Your grab misses the adder. You barely miss Terence.
The adder bites you. Terence completely misses you.
The adder closely misses you.
You hit Terence. You grab Terence. You squeeze Terence.
Terence is lightly wounded.
You barely miss the adder.
You constrict Terence, but do no damage.
Terence hits you but does no damage. The adder bites you.
You hit Terence.
Terence is moderately wounded.
You barely miss the adder.
You constrict Terence, but do no damage.
The adder closely misses you. Terence barely misses you.
The adder closely misses you.
Terence hits you with a +1 hand axe of flaming!
Terence burns you.
You hit the adder but do no damage. You grab the adder. You squeeze the adder.
The adder is severely wounded.
You hit Terence but do no damage.
You constrict Terence, but do no damage.
You constrict the adder. The adder misses you.
Terence hits you with a +1 hand axe of flaming.
* * * LOW HITPOINT WARNING * * *
Terence burns you.
* * * LOW HITPOINT WARNING * * *
You hit Terence. You squeeze Terence, but do no damage.
Terence is heavily wounded.
You hit the adder.
You kill the adder!
You constrict Terence.
Terence hits you with a +1 hand axe of flaming!
You feel threatened and lose the ability to read scrolls!
You die...

#.............
#............##
#..............
#............##
#....>.........
#............#
#.......†....#
#......@@...?#
########†#+####
#........# #
#........# .#
#########........#
..
.................#
#.
#########.......##
#####. #
######.......#
#..... #
#............#
#.....


You could see Terence.

Vanquished Creatures
  2 adders (D:2)
  5 bats
  5 endoplasms
  3 hobgoblins
  7 jackals
  4 quokkas
  2 ball pythons (D:2)
  4 frilled lizards
  7 goblins
  3 kobolds
  5 rats
47 creatures vanquished.

Notes
Turn   | Place    | Note
-------+----------+-------------------------------------------
     0 | D:1      | Sweeb the Octopode Monk began the quest for the Orb.
     0 | D:1      | Reached XP level 1. HP: 16/16 MP: 1/1
    36 | D:1      | Reached XP level 2. HP: 5/21 MP: 2/2
  1034 | D:1      | Reached XP level 3. HP: 8/26 MP: 3/3
  2072 | D:2      | Noticed Terence
  2075 | D:2      | Reached XP level 4. HP: 30/31 MP: 4/4
  2078 | D:2      | Gained mutation: Your flesh is heat resistant. (rF+)
                  | [potion of mutation]
  2078 | D:2      | Gained mutation: You are agile. (Dex +4, Str/Int -1)
                  | [potion of mutation]
  2079 | D:2      | Lost mutation: You are agile. (Dex +4, Str/Int -1) [potion
                  | of mutation]
  2079 | D:2      | Lost mutation: Your flesh is heat resistant. (rF+) [potion
                  | of mutation]
  2079 | D:2      | Gained mutation: You do not regenerate when monsters are
                  | visible. [potion of mutation]
  2079 | D:2      | Gained mutation: You occasionally lose the ability to read
                  | scrolls when taking damage. [potion of mutation]
  2088 | D:2      | Slain by Terence

Illustrated notes

Levels and vault maps discovered:
D:1:      dpeg_arrival_orchard, layout_rooms
D:2:      minmay_wonky_spiral, layout_basic, minmay_joined_circles, uniq_terence

Skill      XL: |  1  2 |
---------------+-------+-----
Stealth        | 3 |  3.6
Fighting       | |  3.3
Axes           | |  3.8
Dodging        | |  3.3

Action                   |  1- 3 |  4- 6 || total
-------------------------+-------+-------++-------
Melee: Hand axe          |    96 |     6 ||   102
       Constrict         |    19 |     2 ||    21
       Tentacles         |    13 |     3 ||    16
       Punch             |     1 |       ||     1
  Use: Scroll            |     7 |       ||     7
       Potion            |     1 |     2 ||     3
 Stab: Sleeping          |    10 |       ||    10
Armor: Skin              |     6 |     1 ||     7
Dodge: Dodged            |    71 |     7 ||    78

Table legend: (Time is in decaauts)
 A = Elapsed time spent in this place.
 B = Non-inter-level travel time spent in this place.
 C = Inter-level travel time spent in this place.
 D = Time resting spent in this place.
 E = Time spent auto-exploring this place.
 F = Levels seen in this place.
 G = Mean time per level.
                   A        B        C        D        E       F      G
               +--------+--------+--------+--------+--------+-----+--------+
         Total |   2100 |   2073 |     27 |    898 |    860 |   2 | 1050.0 |
       Dungeon |   2100 |   2073 |     27 |    898 |    860 |   2 | 1050.0 |
               +--------+--------+--------+--------+--------+-----+--------+

Top non-repeatable levels by time:
     D:1: 1282 daAuts
     D:2: 817 daAuts
